 Dungeon Crawl Stone Soup version 0.23.2-1-ga50397a6bc (webtiles) character file.

Game seed: 14348910382220451262

107 Foic the Cutter (level 4, 0/35 HPs)
             Began as a Vampire Abyssal Knight on May 14, 2019.
             Was a Follower of Lugonu.
             Slain by an ogre
             ... wielding a +0 giant spiked club
              (19 damage)
             ... on level 4 of the Dungeon.
             The game lasted 00:14:04 (2848 turns).

Foic the Cutter (Vampire Abyssal Knight)            Turns: 2848, Time: 00:14:04

Health: 0/35       AC:  6    Str: 11    XL:     4   Next: 57%
Magic:  5/5        EV: 13    Int: 14    God:    Lugonu [*.....]
Gold:   154        SH:  0    Dex: 14    Spells: 3/3 levels left

rFire    + + .     SeeInvis +   a - +1 short sword
rCold    . . .     Gourm    .   (no shield)
rNeg     . . .     Faith    .   b - +0 leather armour
rPois    .         Spirit   .   t - +1 hat
rElec    .         Reflect  .   j - +1 cloak
rCorr    .         Harm     .   (no gloves)
MR       .....                  (no boots)
Stlth    ++........             (no amulet)
HPRegen  0.31/turn              d - ring of protection from fire
MPRegen  0.09/turn              f - ring of protection from fire

@: regenerating quickly
A: fangs 3, see invisible, unbreathing
a: Depart the Abyss, Renounce Religion


You were on level 4 of the Dungeon.
You worshipped Lugonu.
Lugonu was aware of your devotion.
You were full.

You visited 1 branch of the dungeon, and saw 4 of its levels.
You visited the Abyss 1 time.

You collected 154 gold pieces.

Inventory:

Hand Weapons
 a - a +1 short sword (weapon)
 s - a +0 hunting sling
 x - a +0 rapier
Missiles
 g - 214 stones (quivered)
 y - 37 sling bullets
Armour
 b - a +0 leather armour (worn)
 j - a +1 cloak (worn)
 t - a +1 hat (worn)
Jewellery
 d - a ring of protection from fire (left hand)
 f - a ring of protection from fire (right hand)
Wands
 p - a wand of digging (3)
Scrolls
 e - 2 scrolls of identify
 h - 2 scrolls of remove curse
 k - a scroll of enchant weapon {unknown}
 l - 2 scrolls of enchant armour
 n - a scroll of noise {unknown}
 q - a scroll of immolation {unknown}
 w - a scroll of fog
 z - a scroll of magic mapping {unknown}
Potions
 c - 2 potions of blood
 i - a potion of curing
 r - a potion of heal wounds {unknown}
 u - a potion of lignification {unknown}
 v - a potion of berserk rage {unknown}


   Skills:
 + Level 3.3 Fighting
 + Level 3.4 Short Blades
 + Level 1.1 Armour
 * Level 3.0 Dodging
 * Level 2.7 Stealth
 + Level 1.6 Invocations


You had 3 spell levels left.
You didn't know any spells.
Your spell library was empty.

Dungeon Overview and Level Annotations

Branches:
Dungeon (4/15)
 Temple: D:4-7

Altars:
Cheibriados
Gozag
Xom
Yredelemnul


Innate Abilities, Weirdness & Mutations

Your natural rate of healing is unusually fast.
You have razor-sharp teeth.
You have supernaturally acute eyesight. (SInv)
You can survive without breathing.


Message History

The ogre is moderately wounded.
You see here a stone.
You see here a stone.
You see here a stone.
Yummy - fresh blood!
The ogre misses you.
You hit the ogre.
The ogre is heavily wounded.
The ogre hits you with a +0 giant spiked club!!
Ouch! That really hurt!
* * * LOW HITPOINT WARNING * * *
You see here a stone.
You see here a stone.
You see here a stone.
You closely miss the ogre.
The ogre is moderately wounded.
You hit the ogre but do no damage.
The ogre is moderately wounded.
The ogre hits you with a +0 giant spiked club!!
Ouch! That really hurt!
You die...

... .# #.# #.# #.# #.#
####.### #.# #.#
######......####.###.######
..........[...............#
######..###.###(..##.####.#
#..# #.# #...##.# #.#
#..###.###...##.# #.#
........O@.......####.####
##.########...####.......#
#. #..........#.##.# #.
#....####..#.##.# #.....#
#.......# #.#<..# #.##.##.#
####.#...###.##.##.#
#..................#
####.##.....#########.#


You could see an ogre.

Vanquished Creatures
  Jessica (D:2)
  3 adders
  A howler monkey skeleton (D:4)
  A worm (D:3)
  A leopard gecko (D:2)
  4 bats
  2 giant cockroaches (D:2)
  7 goblins
  3 hobgoblins
  3 jackals (D:1)
  A quokka (D:4)
  3 frilled lizards
  7 kobolds
  6 rats
43 creatures vanquished.

Notes
Turn   | Place    | Note
-------+----------+-------------------------------------------
     0 | Abyss:1  | Foic the Vampire Abyssal Knight began the quest for the
                  | Orb.
     0 | Abyss:1  | Reached XP level 1. HP: 17/17 MP: 2/2
    78 | Abyss:1  | Noticed a smoke demon
    89 | Abyss:1  | Noticed a small abomination
    91 | D:1      | Escaped the Abyss
   450 | D:1      | Reached skill level 1 in Stealth
   675 | D:1      | Reached XP level 2. HP: 23/23 MP: 3/3
   774 | D:1      | Reached * piety under Lugonu
   960 | D:2      | Found an opulent altar of Gozag.
   960 | D:2      | Found a snail-covered altar of Cheibriados.
   960 | D:2      | Found a basalt altar of Yredelemnul.
  1070 | D:2      | Noticed Jessica
  1082 | D:2      | Killed Jessica
  1082 | D:2      | Reached skill level 1 in Armour
  1082 | D:2      | Reached XP level 3. HP: 22/29 MP: 4/4
  1163 | D:2      | Found a shimmering altar of Xom.
  1183 | D:2      | Reached XP level 4. HP: 26/35 MP: 5/5
  2407 | D:4      | Noticed an ogre
  2848 | D:4      | Slain by an ogre

Skill      XL: |  1  2  3  4 |
---------------+-------------+-----
Stealth        | 1 2 |  2.7
Fighting       | 3 |  3.3
Armour         | 1 |  1.1
Short Blades   | 3 |  3.4
Dodging        | 3 |  3.0
Invocations    | |  1.6

Action                   |  1- 3 |  4- 6 || total
-------------------------+-------+-------++-------
Melee: Short sword       |    67 |    67 ||   134
       Bite              |     5 |     5 ||    10
Throw: Stone             |       |     1 ||     1
Invok: Depart the Abyss  |     1 |       ||     1
  Use: Potion            |     5 |    10 ||    15
       Scroll            |       |     5 ||     5
 Stab: Sleeping          |     2 |     1 ||     3
Armor: Leather armour    |    17 |    17 ||    34
Dodge: Dodged            |    39 |    35 ||    74
